 Dungeon Crawl Stone Soup version 0.29.1-1-gd02db69 (webtiles) character file.

Game seed: 15207479384467759396

165 Dorkslayer the Trooper (level 5, -2/46 HPs)
             Began as a Hill Orc Fighter on Oct 23, 2022.
             Slain by a river rat (6 damage)
             ... on level 3 of the Dungeon.
             The game lasted 00:06:20 (2692 turns).

Dorkslayer the Trooper (Hill Orc Fighter)           Turns: 2692, Time: 00:06:20

Health: -2/46      AC:  7    Str: 19    XL:     5   Next: 46%
Magic:  5/5        EV:  9    Int:  8    God:
Gold:   168        SH:  6    Dex: 12    Spells: 4/4 levels left

rFire   . . .      SeeInvis .   a - +0 long sword
rCold   . . .      Faith    .   c - +1 buckler
rNeg    . . .      Spirit   .   b - +0 scale mail
rPois   .          Reflect  .   (no helmet)
rElec   .          Harm     .   (no cloak)
rCorr   .          Rampage  .   (no gloves)
Will    .....                   (no boots)
Stlth   ..........              (no amulet)
HPRegen 0.15/turn               (no ring)
MPRegen 0.09/turn               (no ring)

@: no status effects
A: no striking features
a: no special abilities


You were on level 3 of the Dungeon.
You visited 1 branch of the dungeon, and saw 3 of its levels.

You collected 168 gold pieces.

Inventory:

Hand Weapons
 a - a +0 long sword (weapon)
Missiles
 p - 6 boomerangs (quivered)
Armour
 b - a +0 scale mail (worn)
 c - a +1 buckler (worn)
Wands
 l - a wand of flame (19)
Scrolls
 f - 2 scrolls of identify
 h - 2 scrolls of teleportation
Potions
 d - a potion of might
 e - a potion of brilliance {unknown}
 g - a potion of ambrosia {unknown}
 i - a potion of magic {unknown}
 j - a potion of berserk rage {unknown}
 k - 3 potions of curing
 q - a potion of mutation {unknown}
 r - 2 potions of heal wounds {unknown}


   Skills:
 + Level 4.2 Fighting
 + Level 3.9 Long Blades
 + Level 4.1 Armour
 + Level 1.2 Dodging
 + Level 0.1 Stealth
 + Level 3.9 Shields
 * Level 0.6 Evocations


You had 4 spell levels left.
You didn't know any spells.
Your spell library contained the following spells:

 Spells                   Type           Power      Damage    Failure   Level
 Magic Dart               Conj           0%         1d3       86%         1
 Call Imp                 Summ           0%         N/A       94%         2
 Mephitic Cloud           Conj/Pois/Air  0%         N/A       99%         3
 Hailstorm                Conj/Ice       0%         3d3       100%        4
 Ice Form                 Ice/Tmut       0%         N/A       100%        4
 Simulacrum               Ice/Necr       0%         N/A       100%        6


Dungeon Overview and Level Annotations

Branches:
Dungeon (3/15)

Altars:


Message History

The quokka bites you but does no damage.
The goblin hits you but does no damage. The quokka bites you.
The goblin attacks as you move away! The goblin hits you but does no damage.
The quokka bites you.
Things that are here:
a +0 club; a +0 robe; 2 emerald potions You hit the quokka.
You kill the quokka!
The goblin barely misses you.
You barely miss the goblin. The goblin hits you with a +0 dagger.
You slash the goblin!
You kill the goblin!
You hit the worm but do no damage. You block the worm's attack.
You hit the worm.
The worm is moderately wounded.
The worm bites you!
* * * LOW HITPOINT WARNING * * *
You hit the worm but do no damage.
The worm is moderately wounded.
You slash the worm!
The worm is almost dead.
You block the worm's attack.
You hit the worm.
You kill the worm!
You hear the brisk rusting of a drain nearby.
A river rat comes into view.
The river rat bites you.
* * * LOW HITPOINT WARNING * * *
You hit the river rat.
The river rat is moderately wounded.
The river rat closely misses you.
You barely miss the river rat.
The river rat is moderately wounded.
You block the river rat's attack.
You barely miss the river rat.
The river rat is moderately wounded.
The river rat bites you.
* * * LOW HITPOINT WARNING * * *
The river rat bites you.
You die...

#....#.....#...# #.
#....##...##...# #.
#.....#####....###.
#..................
#...##.............
#...###......####..
####...##......####..
#.......#..........#.
#...@.#.#...........#
#...r.#........$.....
#.....##.######.[....
#####..... #.......
~.#.#.# ##.....##
..#.#..##........
##.##....#....##
#............##
#...$.......#.


You could see a river rat.

Vanquished Creatures
  Jessica (D:3)
  5 adders
  4 worms
  3 dart slugs
  4 orcs (D:3)
  7 endoplasms
  3 giant cockroaches
  8 goblins
  6 hobgoblins
  5 quokkas
  9 ball pythons
  5 bats
  5 frilled lizards
  5 kobolds
  5 rats
75 creatures vanquished.

Notes
Turn   | Place    | Note
-------+----------+-------------------------------------------
     0 | D:1      | Dorkslayer the Hill Orc Fighter began the quest for the
                  | Orb.
     0 | D:1      | Reached XP level 1. HP: 19/19 MP: 1/1
   135 | D:1      | Reached XP level 2. HP: 27/27 MP: 2/2
   610 | D:1      | Reached XP level 3. HP: 16/33 MP: 3/3
  1221 | D:2      | Reached skill level 1 in Dodging
  1670 | D:2      | Reached XP level 4. HP: 40/40 MP: 4/4
  2433 | D:3      | Reached XP level 5. HP: 32/46 MP: 5/5
  2656 | D:3      | Noticed Jessica
  2666 | D:3      | Killed Jessica
  2692 | D:3      | Slain by a river rat

Illustrated notes

Levels and vault maps discovered:
D:1:      minmay_arrival_radiant_lines, layout_loops_ring
D:2:      layout_basic, kennysheep_decorative_pillar, corexii_corridor_pit
D:3:      layout_rooms, portal_sewer_entry_b, minivault_23, st_stairs_5,
          hangedman_decor_growths, kennysheep_jessica_study

Skill      XL: |  1  2  3 |
---------------+----------+-----
Dodging        | 1 |  1.2
Fighting       | 4 |  4.2
Long Blades    | 3 |  3.9
Armour         | 4 |  4.1
Stealth        | |  0.1
Shields        | |  3.9
Evocations     | |  0.6

Action                   |  1- 3 |  4- 6 || total
-------------------------+-------+-------++-------
Melee: Long sword        |   111 |   143 ||   254
  Use: Scroll            |       |    10 ||    10
Armor: Scale mail        |    52 |    70 ||   122
Dodge: Dodged            |    77 |    80 ||   157
Block: Buckler           |    30 |    49 ||    79
